 Dungeon Crawl Stone Soup version 0.31-a0-536-ga3e2962e35 (webtiles) character file.

Game seed: 15963085761663446745

16 Ethylacetat the Ducker (level 2, -1/20 HPs)
             Began as an Octopode Gladiator on Aug 13, 2023.
             Slain by a hobgoblin (4 damage)
             ... on level 1 of the Dungeon.
             The game lasted 00:00:58 (467 turns).

Ethylacetat the Ducker (Octopode Gladiator)          Turns: 467, Time: 00:00:59

Health: -1/20      AC:  1    Str: 13    XL:     2   Next: 54%
Magic:  2/2        EV: 14    Int: 10    God:
Gold:   3          SH:  0    Dex: 13    Spells: 1/1 levels left

rFire   . . .        a - +0 rapier
rCold   . . .        (no shield)
rNeg    . . .        b - +0 hat
rPois   .            (no amulet)
rElec   .            (no ring)
rCorr   .            (no ring)
SInv    .            (no ring)
Will    .....        (no ring)
Stlth   +++          (no ring)
HPRegen 0.23/turn    (no ring)
MPRegen 0.08/turn    (no ring)
                     (no ring)

%: no passive effects
@: no status effects
A: almost no armour, amphibious, 8 rings, camouflage 1, gelatinous body 1,
(nimble swimmer 1), tentacles
a: no special abilities


You were on level 1 of the Dungeon.
You visited 1 branch of the dungeon, and saw 1 of its levels.

You collected 3 gold pieces.

Inventory:

Hand Weapons
 a - a +0 rapier (weapon)
Missiles
 c - 3 throwing nets (quivered)
 d - a javelin
Armour
 b - a +0 hat (worn)
Scrolls
 f - a scroll of fear {unknown}
 g - a scroll of enchant armour {unknown}
Potions
 e - a potion of berserk rage {unknown}


   Skills:
 + Level 2.4 Fighting
 - Level 3.0 Short Blades
 - Level 2.0 Throwing
 + Level 3.2 Dodging
 + Level 1.6 Stealth


You had one spell level left.
You didn't know any spells.
Your spell library contained the following spells:

 Spells                   Type           Power      Damage    Failure   Level
 Apportation              Tloc           0%         N/A       36%         1
 Ensorcelled Hibernation  Hex/Ice        0%         N/A       50%         2
 Passwall                 Tmut/Erth      0%         N/A       50%         2
 Swiftness                Air            0%         N/A       75%         3
 Alistair's Intoxication  Tmut/Pois      0%         N/A       100%        5


Dungeon Overview and Level Annotations

Branches:
Dungeon (1/15)

Altars:

Shops:
D:1 [=*


Innate Abilities, Weirdness & Mutations

You cannot wear most types of armour.
You are amphibious.
You can wear up to eight rings at the same time.
Your skin changes colour to match your surroundings (Stealth+).
Your rubbery body absorbs attacks. (AC +1, EV +1)
((You are camouflaged when in or above water. (Stealth+)))
You have tentacles for arms and can constrict up to eight enemies at once.


Message History

There are monsters nearby!
A hobgoblin comes into view.
The jackal barks! x2; The hobgoblin shouts!
You hear a shout!
A hobgoblin comes into view.
There are monsters nearby!
You hit the jackal but do no damage. Your grab misses the jackal.
The jackal barely misses you.
A dart slug comes into view.
You barely miss the jackal. Your grab misses the jackal.
You squeeze the jackal.
The jackal is severely wounded.
The jackal closely misses you. x2; The jackal barely misses you.
The jackal closely misses you.
You hit the jackal but do no damage. You grab the jackal.
Your squeeze misses the jackal.
The jackal is severely wounded.
You constrict the jackal, but do no damage.
The jackal barely misses you. The jackal misses you. The hobgoblin hits you.
You barely miss the jackal. You squeeze the jackal.
You kill the jackal!
The jackal bites you. The jackal completely misses you. The hobgoblin hits you.
You are too injured to fight recklessly!
You are too injured to fight recklessly!
You are too injured to fight recklessly!
You are too injured to fight recklessly!
You barely miss the hobgoblin. Your grab misses the hobgoblin.
The jackal closely misses you. The hobgoblin barely misses you.
The hobgoblin hits you.
* * * LOW HITPOINT WARNING * * *
You closely miss the hobgoblin. You grab the hobgoblin.
You constrict the hobgoblin. The jackal closely misses you.
The hobgoblin hits you.
* * * LOW HITPOINT WARNING * * *
The hobgoblin barely misses you. The jackal barely misses you.
You hit the hobgoblin.
You kill the hobgoblin!
The jackal bites you.
* * * LOW HITPOINT WARNING * * *
The hobgoblin hits you.
You die...

###...... #.......
#....... #......
#....w#
#$....######
+..g†h...... ..
#.).@.#
############.
#.^...#
#............
####.##
###'#####.. #.#
##.......##. #.#
##.#######.## #.#
##.##.....##.# #.#
#.##.#####.#'.
#.#.#(#.##.#.##.#.
#.#)#.#.#.###.#.##


You could see a dart slug, a jackal and a hobgoblin.

Vanquished Creatures
  A ball python (D:1)
  2 endoplasms (D:1)
  A goblin (D:1)
  4 hobgoblins (D:1)
  A jackal (D:1)
  2 kobolds (D:1)
  2 frilled lizards (D:1)
  A rat (D:1)
14 creatures vanquished.

Notes
Turn   | Place    | Note
-------+----------+-------------------------------------------
     0 | D:1      | Ethylacetat the Octopode Gladiator began the quest for the
                  | Orb.
     0 | D:1      | Reached XP level 1. HP: 14/14 MP: 1/1
   107 | D:1      | Found Womneroc's Antique Armour Emporium.
   121 | D:1      | Reached skill level 1 in Stealth
   123 | D:1      | Reached XP level 2. HP: 17/19 MP: 2/2
   141 | D:1      | Found Zaigh's General Store.
   146 | D:1      | Found Nuari's Jewellery Shoppe.
   283 | D:1      | Found a faded altar of an unknown god.
   467 | D:1      | Slain by a hobgoblin

Illustrated notes

Levels and vault maps discovered:
D:1:      evilmike_arrival_rings, layout_basic,
          shapermc_ecumenical_altar_mp_highgroup, serial_shops, shop, shop,
          nicolae_shop_window_shopping, minmay_split_cup_small

Skill      XL: |  1 |
---------------+----+-----
Stealth        | 1 |  1.6
Fighting       | |  2.4
Short Blades   | |  3.0
Throwing       | |  2.0
Dodging        | |  3.2

Action                     || total
---------------------------++-------
  Melee: Rapier            ||    26
         Constrict         ||     6
         Tentacles         ||     5
         Punch             ||     1
   Stab: Sleeping          ||     2
  Dodge: Dodged            ||    26

Table legend: (Time is in decaauts)
 A = Elapsed time spent in this place.
 B = Non-inter-level travel time spent in this place.
 C = Inter-level travel time spent in this place.
 D = Time resting spent in this place.
 E = Time spent auto-exploring this place.
 F = Levels seen in this place.
 G = Mean time per level.
                   A        B        C        D        E       F      G
               +--------+--------+--------+--------+--------+-----+--------+
         Total |    468 |    435 |     33 |      0 |    351 |   1 |  468.0 |
       Dungeon |    468 |    435 |     33 |      0 |    351 |   1 |  468.0 |
               +--------+--------+--------+--------+--------+-----+--------+

Top non-repeatable levels by time:
     D:1: 468 daAuts
